[Event "German Bundesliga 2022-23"]
[Site "Germany"]
[Date "2022.11.26"]
[Round "3.16"]
[White "Zelcic, Robert"]
[Black "Saric, Ante"]
[Result "0-1"]
[ECO "C10"]
[WhiteElo "2496"]
[BlackElo "2504"]
[Annotator "TA"]
[PlyCount "94"]
[EventDate "2022.10.21"]
[EventType "team-tourn"]
[EventCountry "GER"]
[SourceTitle "playchess.com"]
[Source "ChessBase"]
[SourceQuality "1"]
[TimeControl "40/6000+30:3000+30"]

1. e4 e6 2. d4 d5 3. Nc3 dxe4 4. Nxe4 Nd7 5. Nf3 Ngf6 6. Bd3 c5 $1 {[%emt 0:00:22][%mdl 4] is recently more successful than 6...Nxe4.} 7. Nxf6+ Nxf6 8. Be3 Qc7 {[%emt 0:01:43] C10: French with 3 Nc3: Unusual Black 3rd moves and 3...dxe4.} 9. Qe2 a6 10. O-O b6 {[%emt 0:04:26] White has an edge.} 11. c4 Be7 {[%emt 0:09:23] was the old line (11...Bb7).} 12. Rfd1 Bb7 13. dxc5 Bxc5 14. Bxc5 Qxc5 {[%emt 0:09:39] [#]} 15. Ne5 $146 ({Predecessor:} 15. a3 a5 16. Ne5 O-O 17. Rd2 g6 18. Rad1 a4 19. h3 Kg7 20. Bb1 {½-½ (20) Wernikiewicz,Z (2262)-Koch,C (2312) LSS email 2020}) 15... Rd8 16. Rd2 Ke7 17. Rad1 Be4 18. Bxe4 (18. Ng4 {is more complex.} Bc6 19. Nxf6 gxf6 20. Be4) 18... Qxe5 19. Rxd8 Rxd8 20. Rxd8 Kxd8 $11 {[%emt 0:00:13][%mdl 4096] Endgame KQB-KQN} 21. Qd2+ Ke7 (21... Kc7 {with more complications.} 22. Bf3 a5 23. g3 Ne8) 22. Bf3 a5 23. g3 g5 24. a3 h6 25. Qc1 Qd4 26. b4 axb4 27. axb4 Nd7 28. Qc2 Qa1+ 29. Kg2 Qa3 {[%emt 0:01:23] Against c5} 30. Qb1 Ne5 31. Be2 f5 32. Kg1 (32. b5 {seems wilder.} g4 33. h3 h5 34. hxg4 hxg4 35. Qc2) 32... Qc3 (32... g4 $5 ) 33. c5 bxc5 34. b5 (34. bxc5 $11 {and White has nothing to worry.} Qxc5 35. Qb7+ Kf6 36. Qh7) 34... Nd7 (34... Qd2 $19 35. Kf1 Nd7) 35. Bf1 g4 (35... h5 $17) 36. Qa2 $1 Qd4 37. Qa7 Qd6 38. Qa1 Qd4 39. Qc1 Nb6 {[%emt 0:00:52] And now ...c4 would win.} 40. Qxh6 {[%emt 0:02:16] [#]} (40. Bg2 $11 {keeps the balance.}) 40... c4 $1 $17 {[%emt 0:00:13][%cal Bc5c4,Bc4c3][%mdl 32] Active counter play!} 41. Qh7+ {[%emt 0:05:54] [#]} Kd6 $1 42. Qb7 c3 43. Qc6+ Ke7 {[%emt 0:00:20] aiming for ...Nd7.} 44. Be2 $2 (44. Qc7+ $17 Nd7 45. b6) 44... Nd7 $19 {[%emt 0:01:19] Threatens to win with ...Qd2. Black is clearly winning.} 45. b6 Nxb6 (45... Qd2 $142 46. Bc4 Qd1+ 47. Kg2 Qf3+ 48. Qxf3 gxf3+ 49. Kxf3 c2) 46. Qb7+ Nd7 {[%emt 0:02:30] ( -> ...c2)} 47. Qb3 {[%emt 0:00:16] Inhibits c2.} Nc5 {[%emt 0:01:39] Weighted Error Value: White=0.35/Black=0.23 (precise)} 0-1

[Event "German Bundesliga 2022-23"]
[Site "Germany"]
[Date "2022.11.26"]
[Round "3.16"]
[White "Rafiee, Makan"]
[Black "Dgebuadze, Alexandre"]
[Result "0-1"]
[ECO "C11"]
[WhiteElo "2293"]
[BlackElo "2420"]
[Annotator "TA"]
[PlyCount "58"]
[EventDate "2022.10.21"]
[EventType "team-tourn"]
[EventCountry "GER"]
[SourceTitle "playchess.com"]
[Source "ChessBase"]
[SourceQuality "1"]
[TimeControl "40/6000+30:3000+30"]

1. e4 e6 2. d4 d5 3. Nc3 Nf6 4. e5 Nfd7 5. f4 c5 6. Nce2 Nc6 7. c3 a5 {[%emt 0:02:52] C11: French: Classical System: 4 e5 and 4 Bg5 dxe4.} 8. Nf3 Be7 9. g3 a4 {[%emt 0:03:04] [#] The position is equal.} 10. a3 $146 ({Predecessor:} 10. Bg2 a3 11. b3 cxd4 12. cxd4 f6 13. O-O O-O 14. Be3 Qb6 15. Bf2 Bb4 16. Rc1 {1-0 (38) Willow,J (2255)-Klingher,D (2189) London 2019}) 10... O-O 11. Bg2 Nb6 12. O-O Nc4 13. g4 cxd4 14. cxd4 (14. Nexd4 $11 {remains equal.} Qb6 15. Qe2) 14... Qb6 {[%emt 0:04:18] Black has more active pieces. The white rooks are badly placed.} 15. Qd3 Ra5 (15... Nxb2 $2 16. Bxb2 Bd7 17. Bc3 $18) (15... Bd7 $15) 16. Nd2 $11 f6 (16... Nxb2 $2 17. Bxb2 Qb5 18. Qxb5 Rxb5 19. Rfb1 $18) (16... Nxd2 {simplifies} 17. Bxd2 Rb5 18. Bc3 Na5) 17. Nxc4 dxc4 18. Qxc4 fxe5 19. fxe5 Rxf1+ (19... Rxe5 {is more complex.} 20. Bd2 Rd8 21. Kh1 Qb5) 20. Kxf1 Bd7 21. Be4 Ra8 {[%emt 0:02:06][%cal Oc6e5,Ba5a8,Ba8f8,Bf8f4][%mdl 32] aiming for ...Nxe5!} 22. Bf4 {[%emt 0:05:23] [#]} (22. Qd3 $11 {and White is okay.} h6 23. Kg2) 22... Rf8 $1 $19 {[%emt 0:05:55][%cal Oc6d4] Threatens to win with ...Nxd4!} 23. Kg2 $2 {[%emt 0:06:57] [#]} (23. Qd3 {nothing else works.} h5 24. Kg1) 23... Rxf4 $1 {[%emt 0:07:47][%mdl 576] Black is clearly winning.} 24. Nxf4 {[%emt 0:00:08] Strongly threatening b4.} Qxb2+ ({Weaker is} 24... Qxd4 25. Qxd4 Nxd4 26. Rd1 $18) 25. Bc2 (25. Qc2 $142 Qxa1 26. Bxh7+ Kf8 27. d5 Nxe5 28. Nxe6+ Bxe6 29. dxe6) 25... Qxa1 26. Qd3 g6 (26... Qxa3 $2 {leads to mate.} 27. Qxh7+ Kf8 28. Qh8+ Kf7 29. Bg6#) 27. Nxg6 Qxa3 ({Worse is} 27... hxg6 28. Qxg6+ Kf8 29. Qh5 $11) 28. Nxe7+ Qxe7 29. Bxa4 {[%emt 0:00:37] [#]} Nxe5 $1 {[%emt 0:00:59][%mdl 512] Weighted Error Value: White=0.52/Black=0.08 (flawless)} 0-1

[Event "German Bundesliga 2022-23"]
[Site "Germany"]
[Date "2002.01.09"]
[Round "4"]
[White "Harikrishna, Pentala"]
[Black "Jones, Gawain C B"]
[Result "0-1"]
[ECO "A49"]
[WhiteElo "2715"]
[BlackElo "2623"]
[Annotator "TA"]
[PlyCount "160"]
[EventDate "2022.10.21"]
[EventType "team-tourn"]
[EventCountry "GER"]
[SourceTitle "playchess.com"]
[Source "ChessBase"]
[SourceQuality "1"]
[TimeControl "40/6000+30:3000+30"]

1. d4 Nf6 2. Nf3 g6 3. g3 Bg7 4. Bg2 c5 5. dxc5 Qa5+ {[%emt 0:00:30] [#]} 6. Nfd2 $146 {[%emt 0:00:30] A49: 1 d4 Nf6 2 Nf3 g6 3 g3: Anti-King's Indian systems.} ({Predecessor:} 6. c3 Qxc5 7. O-O O-O 8. Nbd2 {½-½ (8) Miladinovic,I (2500)-Arsovic,G (2535) Niksic 1997}) 6... Qxc5 7. Nb3 Qc7 8. Nc3 {[%emt 0:00:30] The position is equal.} d6 9. O-O Nc6 10. e4 Bg4 11. Qe1 (11. Nd5 $5 Qd7 12. f3 $11) 11... Qc8 12. Bg5 h6 13. Be3 Bh3 14. Bxh3 Qxh3 15. f3 {[%emt 0:00:30] Inhibits Ng4.} O-O 16. Nd5 Rfc8 17. c3 Nxd5 18. exd5 Ne5 19. Qe2 Nc4 20. Bd4 Qf5 21. Rad1 Rc7 22. Bxg7 Kxg7 23. Rd4 {[%emt 0:00:30] Prevents h5.} (23. f4 $14) 23... Qe5 $11 24. Re1 {[%emt 0:05:30] Black must now prevent Qf1.} Qxe2 25. Rxe2 a5 26. a4 (26. Rde4 $11 {keeps the balance.}) 26... b5 27. axb5 Rb8 28. Nd2 Nxb2 29. c4 Rbc8 {[%emt 0:00:24] Black is more active.} 30. Rde4 Kf8 31. c5 ({Better is} 31. Kg2) 31... Rxc5 $17 32. Rxe7 (32. b6 $17) 32... Rxb5 $19 33. Ra7 Rxd5 34. Ree7 Rc1+ ({Weaker is} 34... Rxd2 35. Rxf7+ Ke8 36. Rfe7+ Kf8 37. Rf7+ Kg8 38. Rg7+ Kh8 39. Rh7+ Kg8 40. Rhg7+ Kf8 41. Rgf7+ $11) (34... Rf5 $1 $19 35. f4 Rc1+ 36. Kf2 Nd3+ 37. Kf3 Rc2) 35. Kg2 $1 $15 Rf5 ({Reject} 35... Rxd2+ 36. Kh3 $11) 36. g4 Rf4 {[%emt 0:00:09] Hoping for ...Nd3.} 37. h4 (37. Ne4 $15) 37... Nd3 $19 {[%emt 0:01:12] aiming for ...Rc2.} 38. Re3 Rd4 39. Ne4 Kg7 {[%emt 0:03:36] Prevents Nf6.} 40. g5 (40. Rd7 $17 {was worth a try.}) 40... Nf4+ 41. Kg3 Nh5+ 42. Kf2 hxg5 43. hxg5 a4 {[%emt 0:10:17] Inhibits Rb3.} ({Black should try} 43... Rdd1 $19 44. Ng3 Nxg3 45. Kxg3 Rg1+ 46. Kf4 Rc5) 44. Ra3 (44. Rc3 $17 Rxc3 45. Nxc3) 44... Rdd1 $1 45. R3xa4 Nf4 46. Ra2 {[%emt 0:01:30] Inhibits Rc2+.} d5 (46... Rg1 $1 $19 {is more deadly. Threatens to win with ...Rce1.} 47. Nxd6 Nh3+ 48. Ke3 Rc3+ 49. Kd4 Rxf3 50. Ne8+ Kf8) 47. Nd6 $17 Nh3+ 48. Ke3 $2 (48. Ke2 $17 {was necessary.} Nxg5 49. f4) 48... Nxg5 (48... d4+ $142 49. Ke2 Re1+ 50. Kd2 Nxg5) 49. Rg2 $19 Re1+ 50. Kf4 Ne6+ 51. Kg3 {[%emt 0:01:30] [#]} Nc7 $1 52. Rh2 Re7 ({And not} 52... Re6 53. Nxf7 Kxf7 54. Rh7+ Kf6 55. Rhxc7 Rxc7 56. Rxc7 $17) 53. Nb5 Kf6 54. Nd4 Rg1+ 55. Kf2 Rc1 (55... Rb1 $142 56. Nc6 Rd7) 56. Kg3 $1 Ne6 57. Ra6 Rg1+ 58. Kf2 Rd1 59. Rh4 Kg7 60. Nb5 $2 (60. Nxe6+ {nothing else works.} Rxe6 61. Rxe6 fxe6 62. Rb4) 60... Nc5 61. Ra2 {[%emt 0:00:30] Against Rd2+} Nd3+ 62. Kg3 Rg1+ 63. Kh2 $2 (63. Rg2 Rf1 64. Nd4) 63... Ree1 {[%emt 0:00:07] Strongly threatening ...Rh1+.} 64. Rd4 Ne5 65. Rf2 Rh1+ 66. Kg3 Reg1+ 67. Rg2 Rf1 68. Rf2 Rhg1+ 69. Kh2 Rh1+ (69... Rxf2+ $142 70. Kxg1 {[#]} Rd2 $3 71. Rxd2 Nxf3+ 72. Kf2 Nxd2) 70. Kg3 Rhg1+ $2 (70... Rd1 71. Rxd1 Rxd1) 71. Kh2 Rxf2+ 72. Kxg1 Rxf3 {[%emt 0:00:38] And now ...Rd3 would win.} 73. Rxd5 {[%emt 0:00:00][%mdl 4096] Endgame KRN-KRN} Rf5 {[%emt 0:00:08] ( -> ...Nf3+)} 74. Kh1 $2 (74. Nc3) 74... Rh5+ 75. Kg2 {[%emt 0:00:30] [#]} Nd3 $1 76. Rxh5 (76. Rxd3 Rxb5) 76... Nf4+ 77. Kf3 Nxh5 78. Ke4 Kf6 79. Nc7 Kg5 80. Nd5 Nf6+ {[%emt 0:00:07] Weighted Error Value: White=0.29 (precise) /Black=0.22 (precise)} 0-1

[Event "German Bundesliga 2022-23"]
[Site "Germany"]
[Date "2002.01.09"]
[Round "4"]
[White "Navara, David"]
[Black "Narayanan.S.L"]
[Result "1-0"]
[ECO "C54"]
[WhiteElo "2680"]
[BlackElo "2673"]
[Annotator "TA"]
[PlyCount "109"]
[EventDate "2022.10.21"]
[EventType "team-tourn"]
[EventCountry "GER"]
[SourceTitle "playchess.com"]
[Source "ChessBase"]
[SourceQuality "1"]
[TimeControl "40/6000+30:3000+30"]

1. e4 e5 2. Nf3 Nc6 3. Bc4 Bc5 4. d3 Nf6 5. O-O d6 6. c3 a5 {[%emt 0:00:30] C54: Giuoco Piano: 4 c3 Nf6, main lines with 5 d4 and 5 d3.} 7. Re1 Ba7 8. Nbd2 O-O {[%emt 0:02:30] The position is equal.} 9. Nf1 Be6 {[%emt 0:07:30] [#]} 10. Bb5 $146 (10. Bxe6 {simplifies} fxe6 11. Be3 Bxe3 12. Rxe3 a4 13. Ng3) ({Predecessor:} 10. Bb3 Qe7 11. Ng3 Nd8 12. d4 exd4 13. cxd4 Bxb3 14. Qxb3 Ne6 15. Qc4 Rfc8 16. Bd2 {1-0 (39) Todorovic,V (2045)-Johnsen,S Novi Sad 1990}) 10... Ne7 11. Ng3 c6 12. Ba4 Ng6 13. d4 exd4 14. cxd4 d5 15. e5 Ne4 16. Bc2 Bg4 17. Nxe4 dxe4 18. Rxe4 Bxf3 19. Qxf3 Bxd4 20. Qf5 (20. Be3 $142 Bxb2 21. Rd1) 20... c5 (20... Qb6 $11) 21. Be3 $14 Bxb2 22. Rd1 Bd4 23. Bxd4 cxd4 24. Rexd4 Qe7 25. Rd7 {[%emt 0:01:30] White is much more active.} (25. Rd5 {simplifies} Rac8 26. g3 b6 27. Qe4) 25... Qxe5 26. Rxb7 Rad8 {[%emt 0:19:30] Black is now going downhill.} (26... Qxf5 $14 27. Bxf5 Rfb8) 27. Qxe5 $16 Nxe5 28. Rxd8 $1 Rxd8 {[%emt 0:00:00][%mdl 4096] Endgame KRB-KRN} 29. f4 Nd7 30. Ra7 g6 31. g3 Rc8 {[%emt 0:06:10] [#]} 32. Bb3 a4 33. Bxa4 ({Don't play} 33. Rxd7 $6 axb3 34. axb3 Rc1+ 35. Kg2 Rb1 $14) 33... Nc5 34. Bb5 Ne6 35. a4 Rc2 {[%emt 0:03:23] [#]} 36. Bd3 $1 Rd2 (36... Rc3 $142) 37. Bc4 $18 Nd4 38. Bxf7+ Kh8 39. Bd5 {[%emt 0:00:18] Inhibits Nf3+.} Ne2+ 40. Kf1 {[%emt 0:00:06] And now Ke1 would win.} Nxf4 41. Bf7 Nd3 42. Rd7 {[%emt 0:00:30] Threatens to win with Bc4.} Rf2+ 43. Kg1 Rf3 44. Bd5 Re3 45. a5 {[%emt 0:06:30] aiming for a6.} Nb4 {[%emt 0:02:30] Against a6} (45... Re1+ $142 46. Kg2 Ra1) 46. Bc4 {[%emt 0:01:30] Rb7 is the strong threat.} Rc3 $2 (46... Nc6 {keeps fighting.} 47. a6 Ne5 48. Rd8+ Kg7) 47. Bb5 {[%emt 0:02:30] White is clearly winning.} Rc5 48. Rb7 Rc1+ 49. Bf1 Nd5 50. Kf2 Rc2+ 51. Kf3 Nc7 52. Bd3 Rc6 53. Ke4 h5 54. Rb6 Rc5 55. a6 {[%emt 0:00:30] Weighted Error Value: White=0.05 (flawless) /Black=0.23 (precise)} ({Not} 55. Rxg6 Rxa5 56. h4 Nd5 $18) 1-0

[Event "German Bundesliga 2022-23"]
[Site "Germany"]
[Date "2002.01.09"]
[Round "4"]
[White "Saric, Ivan"]
[Black "Ragger, Markus"]
[Result "1/2-1/2"]
[ECO "C84"]
[WhiteElo "2674"]
[BlackElo "2632"]
[Annotator "TA"]
[PlyCount "139"]
[EventDate "2022.10.21"]
[EventType "team-tourn"]
[EventCountry "GER"]
[SourceTitle "playchess.com"]
[Source "ChessBase"]
[SourceQuality "1"]
[TimeControl "40/6000+30:3000+30"]

1. e4 e5 2. Nf3 Nc6 3. Bb5 a6 4. Ba4 Nf6 5. O-O Be7 6. d3 b5 7. Bb3 d6 8. a3 {[%emt 0:01:30] [#] C84: Closed Ruy Lopez: Unusual White 6th moves.} (8. a4 $5 ) 8... Na5 $146 ({Predecessor:} 8... O-O 9. Nc3 Be6 10. Nd5 Bxd5 11. exd5 Nd4 12. Nxd4 exd4 13. c3 dxc3 14. bxc3 Nd7 15. d4 Nb6 16. a4 Bf6 17. Qd3 Nxa4 18. Bxa4 bxa4 19. Rxa4 Qc8 20. Be3 Qb7 21. Qc4 {½-½ (21) Fogarasi,T (2440)-Lukacs,P (2515) Budapest 1998}) 9. Ba2 c5 10. Nc3 Be6 11. Nh4 O-O 12. Nf5 Bxf5 13. exf5 d5 14. Qf3 Nc6 15. Nxd5 (15. Bxd5 Nd4 16. Bxa8 Nxf3+ 17. Bxf3 Qd7 $17) 15... Nd4 16. Nxf6+ Bxf6 17. Qd1 Nxf5 18. c3 Ne7 19. Re1 Qd7 20. Qf3 Rac8 21. a4 Rc6 22. axb5 axb5 23. Bb1 {[%emt 0:00:30] White is more active.} (23. Bb3 {is more complex.} Rfc8 24. h4 Rd6 25. Ra8) 23... Rd6 24. g3 Rc8 25. h4 Qc6 26. Qe4 Qxe4 27. dxe4 Rb8 28. Be3 c4 29. Bc2 Nc8 30. Red1 Be7 31. f4 Rxd1+ 32. Rxd1 exf4 (32... b4 $14) 33. Bxf4 $16 (33. gxf4 $6 Bxh4 34. Kg2 Nb6 $11) 33... Rb7 34. e5 Nb6 35. Be4 Rd7 36. Ra1 Na4 37. Bc6 Rd8 38. Ra2 ({Much less strong is} 38. Bxb5 Nxb2 39. Kg2 g6 $16) 38... Rd1+ $1 39. Kg2 Rb1 $1 40. Bxb5 Rxb2+ 41. Rxb2 Nxb2 $14 {[%emt 0:50:04][%mdl 4096] Endgame KBB-KBN} 42. Be3 Bd8 43. Bd4 Ba5 44. Kf3 Nd1 45. Bxc4 {[%emt 0:00:00] aiming for e6.} Bxc3 {[%emt 0:00:00] [#]} 46. e6 $1 fxe6 (46... Bxd4 {gets mated.} 47. e7 (47. exf7+ $2 {is the wrong capture.} Kf8 $19) 47... g6 48. e8=Q+ Kg7 49. Qxf7+ Kh6 50. Qf8+ Bg7 51. Qf4+ Kh5 52. Qg5#) 47. Bxe6+ Kh8 $1 48. Bc5 {[%emt 0:00:00] Bb3 is the strong threat. This pair of bishops is nice.} g6 49. Bb3 Nb2 50. Ke3 h5 51. Ke4 Kg7 52. Be3 Kh7 53. Kd5 Kg7 54. Bc2 Kf7 55. Bh6 Kf6 56. Bf4 Kf7 57. Bb3 Kg7 58. Ke4 Kh7 59. Bc1 Kg7 (59... Bg7 $5) 60. Bg5 Kh7 61. Be7 Kg7 62. Bd6 Bf6 63. Bf4 Bc3 64. Be3 Kh7 65. Bc5 Kg7 66. Ba3 Bf6 67. Ke3 Be5 {[%emt 0:00:00] The position is equal.} 68. Kd2 Kf6 69. Kc2 g5 70. Bxb2 {[%emt 0:01:30] Weighted Error Value: White=0.07 (flawless) /Black=0.06 (flawless)} 1/2-1/2

[Event "German Bundesliga 2022-23"]
[Site "Germany"]
[Date "2002.01.09"]
[Round "4"]
[White "Tari, Aryan"]
[Black "Indjic, Aleksandar"]
[Result "1/2-1/2"]
[ECO "E11"]
[WhiteElo "2660"]
[BlackElo "2631"]
[Annotator "TA"]
[PlyCount "88"]
[EventDate "2022.10.21"]
[EventType "team-tourn"]
[EventCountry "GER"]
[SourceTitle "playchess.com"]
[Source "ChessBase"]
[SourceQuality "1"]
[TimeControl "40/6000+30:3000+30"]

1. d4 d5 2. c4 e6 3. Nf3 Nf6 4. g3 Bb4+ 5. Bd2 a5 6. Qa4+ {[%emt 0:05:00] E11: Bogo-Indian.} Bd7 7. Qc2 dxc4 8. Qxc4 Bc6 {[%emt 0:02:00] [#]} 9. Bg2 $146 (9. Bxb4 {simplifies} axb4 10. Bg2 Qd6 11. Nbd2) ({Predecessor:} 9. Bxb4 axb4 10. Qxb4 Ra4 11. Qb3 Rxd4 12. Nc3 Rd6 13. Bg2 O-O 14. O-O Ne4 15. a4 {½-½ (39) Popov,L (2400)-Berovski,K (2250) Bankia 1992}) 9... Bd5 10. Qd3 Be4 {[%emt 0:02:30] Inhibits a3.} 11. Qe3 Nc6 12. O-O Bxf3 13. Bxf3 Nxd4 {[%emt 0:00:30] [#] White must now prevent ...Nc2.} 14. Bxb7 {[%emt 0:02:30] A strong pair of Bishops.} Rb8 15. Bxb4 axb4 16. Bg2 O-O 17. Qd3 {[%emt 0:02:30] Against Nc2} (17. Nd2 $2 Nc2 18. Qf4 e5 $19) 17... b3 18. Na3 {[%emt 0:05:30] Against Nc2} bxa2 19. Rxa2 Nb3 20. Qc2 c5 21. e3 Qa5 22. Rd1 {[%emt 0:00:30] Prevents Nd5.} h5 (22... Rfd8 $5) 23. Bf1 {[%emt 0:03:30] The position is equal.} Ng4 24. Bc4 Rfd8 25. Bxb3 {[%emt 0:04:30] Nc4 is the strong threat.} Rxd1+ 26. Qxd1 {[%emt 0:00:00] Threatens to win with Nc4.} Rxb3 $1 {[%emt 0:00:00][%mdl 64] [#]} 27. h3 Nxe3 28. fxe3 (28. Qxb3 $2 {is a self mate.} Qe1+ 29. Kh2 Qxf2+ 30. Kh1 Qg2#) 28... Rxe3 29. Kf2 {[%emt 0:03:19] Inhibits Re1.} (29. Qxh5 $2 {leads to mate.} Qe1+ 30. Kh2 Qxg3+ 31. Kh1 Re1#) 29... Re5 30. Ra1 Qb4 {[%emt 0:07:00] Inhibits Nc4. And now ...Rd5 would win.} 31. Qd8+ Kh7 32. Qd3+ Rf5+ 33. Kg1 {[%emt 0:00:19] Strongly threatening Nc4.} Qxb2 34. Rf1 Qd4+ (34... g6 {with more complications.} 35. Nc4 Qd4+ 36. Qxd4 cxd4 37. Rf4 Rxf4 38. gxf4 f6) 35. Qxd4 Rxf1+ 36. Kxf1 {[%emt 0:00:04] White wants to mate with Qe5.} cxd4 $11 {[%emt 0:00:00][%mdl 4096] Endgame KN-KP} 37. Ke2 Kg6 38. Kd3 h4 39. g4 f5 40. gxf5+ (40. Kxd4 fxg4 41. Ke3 gxh3 $19) 40... Kxf5 41. Kxd4 Kf4 {[%emt 0:49:30] aiming for ...g5.} 42. Nc4 Kg3 43. Ke3 $1 Kxh3 {[%emt 0:00:30] ( -> ...Kg2)} 44. Kf3 Kh2 {An interesting draw.   Weighted Error Value: White=0.02 (flawless) /Black=0.02 (flawless)} 1/2-1/2

[Event "German Bundesliga 2022-23"]
[Site "Germany"]
[Date "2002.01.09"]
[Round "4"]
[White "Andersen, Mads"]
[Black "Prusikin, Michael"]
[Result "1/2-1/2"]
[ECO "C11"]
[WhiteElo "2615"]
[BlackElo "2522"]
[Annotator "TA"]
[PlyCount "60"]
[EventDate "2022.10.21"]
[EventType "team-tourn"]
[EventCountry "GER"]
[SourceTitle "playchess.com"]
[Source "ChessBase"]
[SourceQuality "1"]
[TimeControl "40/6000+30:3000+30"]

1. e4 e6 2. d4 d5 3. Nc3 Nf6 4. e5 Nfd7 5. Nce2 c5 6. c3 Nc6 7. Nf3 Be7 8. a3 {[%emt 0:12:30] C11: French: Classical System: 4 e5 and 4 Bg5 dxe4.} Qb6 9. b4 cxd4 10. cxd4 {[%emt 0:00:30] [#] The position is equal.} f6 $146 (10... a5 $5 ) ({Predecessor:} 10... O-O 11. Bg5 f6 12. exf6 Bxf6 13. h4 a5 14. b5 Ne7 15. a4 e5 16. dxe5 Nxe5 {0-1 (26) Salles,H-Kruel,F Campinas 1962}) 11. Be3 {[%emt 0:19:30] Strongly threatening Nf4.} fxe5 12. Nxe5 O-O 13. Rb1 (13. Nf3 $11 {remains equal.}) 13... a5 $1 $17 14. Nxd7 Bxd7 15. b5 Nd8 16. Qa4 Rc8 17. Ng3 e5 (17... Nf7 $142 {Hoping for ...Rc3.} 18. Qb3 Nd6) 18. Be2 Ne6 $1 19. dxe5 (19. O-O $17 {was forced.} Nxd4 20. Bxd4 exd4 21. Qb3) 19... d4 $19 20. Bd2 d3 $1 21. Bf3 Rxf3 ({Weaker is} 21... Rc2 22. Qxa5 Qd4 23. Be3 (23. O-O $2 b6 $19) 23... d2+ 24. Qxd2 Rxd2 25. Bxd4 Rxd4 26. Ne2 $19) 22. gxf3 (22. O-O $142 Rff8 23. Bxa5) 22... Nd4 23. Be3 Nxf3+ 24. Kd1 Qe6 {[%emt 0:06:27] ...Rc3 is the strong threat.} 25. Qb3 {[%emt 0:07:34] Against Rc3} Qxb3+ 26. Rxb3 a4 $2 (26... Nxe5 $19 {is more deadly.} 27. Bf4 a4) 27. Rxd3 $17 Bxb5 28. Nf5 {[%emt 0:01:38] [#]} Bf8 {[%emt 0:00:28][%mdl 1024] Black has strong compensation. This pair of bishops is nice.} 29. Rd5 (29. Nd6 $17 Rd8 30. Bb6 (30. Nxb5 Rxd3+ 31. Kc2 Rd5 $17) (30. Rd5 $2 Bc6 $19) 30... Bxd3 31. Bxd8) 29... Bc6 $19 30. Ra5 {[%emt 0:00:02] [#]} Nxe5 {[%emt 0:01:00] Weighted Error Value: White=0.80/Black=0.58} 1/2-1/2

[Event "German Bundesliga 2022-23"]
[Site "Germany"]
[Date "2002.01.09"]
[Round "4"]
[White "Neiksans, Arturs"]
[Black "Bogosavljevic, Boban"]
[Result "1-0"]
[ECO "B31"]
[WhiteElo "2599"]
[BlackElo "2521"]
[Annotator "TA"]
[PlyCount "95"]
[EventDate "2022.10.21"]
[EventType "team-tourn"]
[EventCountry "GER"]
[SourceTitle "playchess.com"]
[Source "ChessBase"]
[SourceQuality "1"]
[TimeControl "40/6000+30:3000+30"]

1. e4 c5 2. Nf3 Nc6 3. Bb5 g6 4. Bxc6 dxc6 5. d3 Bg7 6. h3 b6 {[%emt 0:03:30] B31: Sicilian: 2...Nc6 3 Bb5 g6.} 7. O-O $5 {[%emt 0:02:30][%mdl 4] Exploring less charted territory.} e5 8. a3 {[%emt 0:10:30] [#]} a5 $146 {[%emt 0:07:30] The position is equal.} ({Predecessor:} 8... Qc7 9. b4 cxb4 10. axb4 Nf6 11. Bb2 Nd7 12. Nbd2 O-O 13. Nc4 b5 14. Ne3 Nb6 15. c4 {1-0 (31) Glek,I (2600)-Reinderman,D (2440) Netherlands 1995}) 9. Be3 Ne7 10. Nbd2 a4 11. Nc4 O-O 12. Ncxe5 ({Don't play} 12. Nfxe5 b5 $17) 12... h6 13. Bd2 {[%emt 0:11:30] White is more active.} g5 14. Bc3 Be6 15. Ng4 {[%emt 0:02:30] Nf6+ is the strong threat. Pair of Knights!} Ng6 16. Bxg7 Kxg7 17. e5 ({White should play} 17. Nfh2 $16) 17... Bxg4 $11 18. hxg4 Qd7 19. Nh2 (19. e6 $11 Qxe6 20. Nd2) 19... Nxe5 (19... Rfe8 $15 {is superior.}) 20. Re1 Rfe8 21. Re4 Ng6 22. Nf1 Rxe4 23. dxe4 Rd8 24. Ne3 Qxd1+ 25. Rxd1 Rxd1+ 26. Nxd1 {[%emt 0:00:04][%mdl 4096] Endgame KN-KN} Ne5 27. Ne3 {[%emt 0:00:17] Inhibits Nc4.} b5 28. Kf1 Kf6 29. Ke2 Ke6 30. Kd2 c4 {[%emt 0:00:50] Inhibits b3.} 31. f3 f6 32. Nf5 c5 33. Kc3 Ng6 34. Ne3 ({Much worse is} 34. Nxh6 Nh4 35. Nf5 Nxg2 $17) 34... Nf4 35. Kd2 Ke5 36. g3 Ne6 37. c3 {[%emt 0:00:09] Against Nd4. Threatens to win with Nf5.} Nd8 $1 38. Nd5 Nc6 39. Ke3 Ke6 40. f4 Kf7 (40... Ne7 $11 {keeps the balance.}) 41. Nc7 $16 Ke7 42. Nxb5 Kd7 {[%emt 0:02:30] Against Nc7} 43. Kf3 (43. e5 $1 $16 fxe5 44. f5) 43... Nd8 $2 {[%emt 0:08:30][%mdl 8192] [#]} (43... Ne7 $11) 44. e5 $1 $18 fxe5 45. fxe5 Kc6 {[%emt 0:01:30] [#]} 46. Ke4 $1 Kxb5 (46... Ne6 47. Nd6) 47. Kd5 Nc6 48. Ke4 $4 {[%mdl 40960] Black used his chance.   Weighted Error Value: White=0.10 (very precise) /Black=0.46. Sensor Board Error (Ke4/e5)?} (48. Kd6 $18 Na7 49. e6) 1-0